AoeStats
← HeKKerZ3175

Arabia

509714194Analyzed
1v1 RM · 3d ago on Sep 27, 2026· 13m 37s· 2 players
Game mode
Random Map
Map size
Tiny (2 player)
Population
200
Speed
Normal
Resources
Standard
Victory
Conquest
Starting age
Dark Age
Ending age
Imperial Age
RankedLock teamsTeams togetherTeam positionsShared explorationLock speedFull tech treeHidden civsTurbo modeCheats
Victory
Defeat
🇬🇧 Danes · United Kingdom
640
+16
🇦🇷 Cumans · Argentina
641
-16
HeKKerZ3175
10:00 Feudal Age
8:18 Loom
10:43 Man-at-Arms
11:42 Double-Bit Axe
12:01 Horse Collar
12:36 Arson
Murdok
10:32 Feudal Age
12:05 Horse Collar
12:12 Double-Bit Axe
Connection lost

Rejoining the realm…

Still unreachable

The connection could not be restored.

Session expired

The server has moved on; the page needs a fresh start.